 Dungeon Crawl Stone Soup version 0.32-a0-975-g85d4e5bfdb (webtiles) character file.

Game seed: 14403552128033523440

18906 DasBelly the Thaumaturge (level 13, 90/92 HPs)
             Began as a Djinni Fire Elementalist on Nov 9, 2022.
             Was an Elder of Elyvilon.
             Quit the game on level 1 of the Lair of Beasts on Apr 19, 2024.
             The game lasted 00:54:40 (12227 turns).

DasBelly the Thaumaturge (DjFE)                    Turns: 12227, Time: 00:54:40

Health: 90/92      AC:  9    Str:  3    XL:     13   Next: 0%
Gold:   512        EV: 15    Int: 20    God:    Elyvilon [****..] SH:  5 Dex: 16

rFire   + + +        D - +3 hand axe (elec)
rCold   . . .        Q - +0 buckler
rNeg    + . .        n - +0 steam dragon scales
rPois   ∞            (no helmet)
rElec   .            R - +2 cloak
rCorr   +            I - +0 pair of gloves
SInv    +            (boots unavailable)
Will    +....        L - amulet of regeneration
Stlth   ++           g - ring of positive energy
HPRegen 1.15/turn    b - ring "Bowiy" {rF+ rC+ rCorr Str-4 SInv}

%: no passive effects
@: flying
A: sickness immunity, fire resistance 2, cold vulnerability 1, float, innate
caster, HP casting, extra vitality 1
a: Renounce Religion, Purification, Heal Other, Heal Self


You were on level 1 of the Lair of Beasts.
You worshipped Elyvilon.
Elyvilon was greatly pleased with you.
You visited 3 branches of the dungeon, and saw 14 of its levels.
You also visited: Bailey.

You collected 684 gold pieces.
You spent 172 gold pieces at shops.

Inventory:

Hand Weapons
 h - a +0 dagger of venom
 D - a +3 hand axe of electrocution (weapon)
Missiles
 q - 2 throwing nets
Armour
 n - +0 steam dragon scales (worn)
 p - a +0 cloak
 I - a +0 pair of gloves (worn)
 P - a +0 kite shield
 Q - a +0 buckler (worn)
 R - a +2 cloak (worn)
 S - the +7 Kryia's mail coat {PotionHeal*2 rC+}
   (You found it on level 10 of the Dungeon)

   PotionHeal*2: Potions heal its wearer twice as much.
   rC+:       It protects you from cold.
Magical Staves
 x - a staff of air
 y - a staff of earth
Jewellery
 b - the ring "Bowiy" (right hand) {rF+ rC+ rCorr Str-4 SInv}
   (You acquired it on level 7 of the Dungeon)

   [ring of protection from fire]

   Str-4:     It affects your strength (-4).
   rF+:       It protects you from fire.
   rC+:       It protects you from cold.
   SInv:      It lets you see invisible.
   rCorr:     It protects you from acid and corrosion.
 d - a ring of protection from fire
 g - a ring of positive energy (left hand)
 L - an amulet of regeneration (around neck)
 W - an amulet of reflection
Wands
 u - a wand of roots (22)
 C - a wand of polymorph (16)
 N - a wand of flame (10)
 O - a wand of digging (3)
 U - a wand of paralysis (2)
Scrolls
 f - 4 scrolls of teleportation
 k - 4 scrolls of enchant weapon
 l - a scroll of summoning
 o - 3 scrolls of fog
 r - 4 scrolls of poison
 s - a scroll of brand weapon
 z - 4 scrolls of immolation
 B - 2 scrolls of silence
 E - 2 scrolls of fear
 F - 4 scrolls of blinking
 M - a scroll of revelation
 V - 3 scrolls of identify
Potions
 a - 3 potions of might
 c - a potion of ambrosia
 e - 3 potions of berserk rage
 i - 2 potions of lignification {unknown}
 j - 6 potions of brilliance
 m - 5 potions of curing {unknown}
 t - 4 potions of haste {unknown}
 v - 3 potions of mutation {unknown}
 w - 3 potions of heal wounds
 A - 4 potions of enlightenment
 G - 2 potions of cancellation {unknown}
 H - 5 potions of invisibility
 J - a potion of degeneration {unknown}
 K - 2 potions of attraction {unknown}
 T - a potion of magic {unknown}


   Skills:
 - Level 8.0 Fighting
 - Level 2.0 Armour
 - Level 10.0 Dodging
 - Level 1.5 Stealth
 - Level 4.0 Shields
 + Level 12.0 Spellcasting
 + Level 12.0 Conjurations
 + Level 12.0 Hexes
 + Level 12.0 Summonings
 + Level 12.0 Necromancy
 + Level 12.0 Translocations
 + Level 12.0 Fire Magic
 + Level 12.0 Ice Magic
 + Level 12.0 Air Magic
 + Level 12.0 Earth Magic
 + Level 12.0 Alchemy
 - Level 6.0 Invocations


You knew the following spells:

 Your Spells              Type           Power      Damage    Failure   Level
a - Foxfire               Conj/Fire      100%       2x1d9     1%          1
b - Scorch                Fire           100%       2d9       1%          2
c - Volatile Blastmotes   Fire/Tloc      100%       2d18      1%          3
d - Inner Flame           Hex/Fire       56%        N/A       1%          3
e - Flame Wave            Conj/Fire      56%        2d13      1%          4
f - Freeze                Ice            100%       1d10      1%          1
g - Passwall              Erth           56%        N/A       1%          3
h - Summon Blazeheart Go  Fire/Summ      56%        N/A       1%          4
i - Tukima's Dance        Hex            56%        N/A       1%          3
j - Lightning Bolt        Conj/Air       28%        1d44      2%          5
k - Alistair's Intoxicat  Alch           37%        N/A       2%          5
Your spell library was empty.

Dungeon Overview and Level Annotations

Branches:
Dungeon (12/15)            Temple (1/1) D:7            Lair (1/5) D:9
    Orc (0/2) D:11         Bailey (visited)

Altars:
Ashenzari
Cheibriados
Dithmenos
Elyvilon
Fedhas
Gozag
Hepliaklqana
Makhleb
Nemelex Xobeh
Okawaru
Qazlal
Ru
Trog
Uskayaw
Wu Jian
Xom
Yredelemnul
Zin
The Shining One

Shops:
D:4 =   D:8 ?

Annotations:
D:3 1 runed translucent door, Crazy Yiuf


Innate Abilities, Weirdness & Mutations

You are immune to sickness and miasma.
You are immune to poison.
Your flesh is very heat resistant. (rF++)
You are vulnerable to cold. (rC-)
You float through the air rather than walking.
You learn spells naturally, not from books.
Your magical power is your life essence.
You have superior vitality. (+4 MHP)


Message History

Your foxfire dissipates! x2
A water moccasin comes into view.
A water moccasin is nearby!
You conjure some foxfire!
The water moccasin hisses angrily.
Casting: Foxfire (safe; 1% risk of failure)
Confirm with . or Enter, or press ? or * to list all spells.
Aiming: Inner Flame (safe; 1% risk of failure)
Press: ? - help, Dir - move target, f - water moccasin
Aim: a water moccasin (ally target, chance to affect: 95%)
The water moccasin is filled with an inner flame.
You conjure some foxfire!
The foxfire hits the water moccasin.
Flame seeps out of the water moccasin.
The water moccasin is lightly wounded.
The foxfire hits the water moccasin!
Flame seeps out of the water moccasin.
The water moccasin is moderately wounded.
The water moccasin is engulfed in blazing flames.
Flame seeps out of the water moccasin.
A bullfrog comes into view.
You conjure some foxfire!
The foxfire hits the water moccasin.
Flame seeps out of the water moccasin.
The water moccasin is severely wounded.
The foxfire hits the water moccasin but does no damage.
The water moccasin is severely wounded.
The water moccasin is engulfed in blazing flames.
The water moccasin explodes!
You have reached level 13!
The power to cast Alistair's Intoxication wells up from within.
Spell assigned to 'k'.
You conjure some foxfire!
The foxfire hits the bullfrog.
The bullfrog is moderately wounded.
Unknown command.
Casting: Foxfire (safe; 1% risk of failure)
Confirm with . or Enter, or press ? or * to list all spells.
You can't see any susceptible monsters within range! (Use Z to cast anyway.) Save game and exit?
Welcome back, DasBelly the Djinni Fire Elementalist.
Elyvilon says: Go forth and aid the weak!
Press ? for a list of commands and other information.
Are you sure you want to abandon this character and quit the game? (Confirm with "yes".)

.....[....## ##.
#............# ## #..
.............##P######..
........................
...F...........#######..
...v§..........# #.#
....°§§........# #..
...§§§§§§.....## ##.
......v@.##...# #P
......v####...# ##
.###### #....# #P...#
##...# #...# . #..## #
..## ##..# ##
....##...## #.


You could see a bullfrog (ally target).

Vanquished Creatures
  2 vault guards (Bailey)
  A catoblepas (Lair:1)
  2 two-headed ogres (D:10)
  A centaur warrior (D:10)
  Amaemon (Lair:1)
  Pikel (D:9)
  2 manticores (D:11)
  Maurice (D:10)
  Maggie (D:6)
  An orange demon (Lair:1)
  An unseen horror (D:10)
  A rime drake (Lair:1)
  A komodo dragon (Lair:1)
  2 trolls
  A polar bear (Lair:1)
  2 hornets
  Prince Ribbit (Bailey)
  16 yaks
  A shadow (D:11)
  4 humans (Bailey)
  3 wyverns
  Grum (Lair:1)
  3 steam dragons
  2 vampire mosquitoes (D:11)
  3 wargs (D:9)
  2 acid dragons
  4 water moccasins (Lair:1)
  A sky beast (D:6)
  An ice beast (D:6)
  5 orc warriors
  An ogre (D:6)
  4 wolves (Lair:1)
  A centaur (D:5)
  A lemure (D:9)
  Blork the orc (D:6)
  4 kobold brigands
  3 gnoll sergeants
  15 bullfrogs
  6 scorpions
  A necrophage (D:5)
  16 killer bees
  2 electric eels (D:10)
  5 howler monkeys
  2 jellies
  2 hounds
  8 orc priests
  5 iguanas
  15 orc wizards
  Robin (D:3)
  20 gnolls
  14 adders
  2 shadow imps (D:7)
  2 white imps
  An ufetubus (D:7)
  2 ribbon worms
  4 dart slugs
  71 orcs
  10 endoplasms
  4 giant cockroaches
  16 goblins
  6 hobgoblins
  10 jackals
  2 quokkas
  5 ball pythons
  7 bats
  2 frilled lizards
  28 kobolds
  9 rats (D:2)
376 creatures vanquished.

Vanquished Creatures (others)
  990 foxfires
990 creatures vanquished.

Grand Total: 1366 creatures vanquished

Notes
Turn   | Place    | Note
-------+----------+-------------------------------------------
     0 | D:1      | DasBelly the Djinni Fire Elementalist began the quest for
                  | the Orb.
     0 | D:1      | DasBelly set off with the following spells memorised:
                  | Foxfire, Scorch, Kindle Blastsparks, Inner Flame, Flame
                  | Wave.
     0 | D:1      | Reached XP level 1. HP: 15/15 MP: 0/0
    85 | D:1      | Reached XP level 2. HP: 12/21 MP: 0/0
   273 | D:1      | Found a faded altar of an unknown god.
   372 | D:1      | Reached XP level 3. HP: 21/25 MP: 0/0
   372 | D:1      | Learned a level 1 spell: Freeze
  1074 | D:2      | Reached XP level 4. HP: 28/31 MP: 0/0
  1831 | D:3      | Found a bloodstained altar of Trog.
  1857 | D:3      | Reached XP level 5. HP: 31/35 MP: 0/0
  1857 | D:3      | Learned a level 3 spell: Passwall
  1977 | D:3      | Found a white marble altar of Elyvilon.
  1991 | D:3      | Became a worshipper of Elyvilon the Healer
  2084 | D:3      | Noticed Robin
  2088 | D:3      | Killed Robin
  2370 | D:3      | Found a runed translucent door.
  2371 | D:3      | Noticed Crazy Yiuf
  2541 | D:3      | Reached * piety under Elyvilon
  2683 | D:4      | Reached skill level 5 in Spellcasting
  2683 | D:4      | Reached XP level 6. HP: 37/40 MP: 0/0
  3081 | D:4      | Reached XP level 7. HP: 43/45 MP: 0/0
  3081 | D:4      | Learned a level 4 spell: Summon Blazeheart Golem
  3663 | D:4      | Found Nekot's Jewellery Emporium.
  3862 | D:5      | Entered Level 5 of the Dungeon
  4181 | D:5      | Reached XP level 8. HP: 41/50 MP: 0/0
  4750 | D:6      | Noticed Blork the orc
  4761 | D:6      | Killed Blork the orc
  4819 | D:6      | Reached ** piety under Elyvilon
  5066 | D:6      | Noticed Maggie
  5069 | D:6      | Killed Maggie
  5070 | D:6      | Reached XP level 9. HP: 46/55 MP: 0/0
  5070 | D:6      | Learned a level 3 spell: Tukima's Dance
  5297 | D:6      | Was placed under penance by Elyvilon
  5643 | D:6      | Found a shadowy altar of Dithmenos.
  6456 | D:7      | Found a flagged portal.
  6484 | Bailey   | Entered a bailey
  6490 | Bailey   | Reached skill level 10 in Spellcasting
  6518 | Bailey   | Reached XP level 10. HP: 20/60 MP: 0/0
  6524 | Bailey   | Reached skill level 5 in Dodging
  6767 | Bailey   | Reached skill level 1 in Fighting
  6767 | Bailey   | Reached skill level 1 in Armour
  6891 | Bailey   | Noticed a vault guard
  6894 | Bailey   | Noticed Prince Ribbit
  6899 | Bailey   | Killed Prince Ribbit
  6903 | Bailey   | Killed a vault guard
  6904 | Bailey   | Reached skill level 5 in Fighting
  6918 | Bailey   | Noticed a vault guard
  6927 | Bailey   | Killed a vault guard
  7134 | D:7      | Identified a scroll of acquirement
  7134 | D:7      | Acquired the ring "Bowiy" {rF+ rC+ rCorr Str-4 SInv}
  7249 | D:7      | Reached XP level 11. HP: 68/76 MP: 0/0
  7249 | D:7      | Learned a level 5 spell: Lightning Bolt
  7454 | D:7      | Found a staircase to the Ecumenical Temple.
  7468 | Temple   | Entered the Ecumenical Temple
  7517 | D:7      | Found a broken altar of Ashenzari.
  7662 | D:7      | Found a sparkling altar of Nemelex Xobeh.
  7816 | D:7      | Found a hazy altar of Hepliaklqana.
  7875 | D:8      | Reached skill level 5 in Invocations
  8166 | D:8      | Was forgiven by Elyvilon
  8439 | D:8      | Found Seek's Magic Scroll Shop.
  8509 | D:8      | Bought a scroll of identify for 30 gold pieces
  8509 | D:8      | Bought a scroll of identify for 30 gold pieces
  8509 | D:8      | Bought a scroll of magic mapping for 112 gold pieces
  9500 | D:9      | Noticed Pikel
  9506 | D:9      | Killed Pikel
  9585 | D:9      | Found a staircase to the Lair.
 10138 | D:10     | Entered Level 10 of the Dungeon
 10139 | D:10     | Found an ornate altar of the Wu Jian Council.
 10140 | D:10     | Noticed Maurice
 10141 | D:10     | Found the +7 Kryia's mail coat {PotionHeal*2 rC+}
 10148 | D:10     | Reached skill level 1 in Shields
 10148 | D:10     | Killed Maurice
 10154 | D:10     | Found a snail-covered altar of Cheibriados.
 10155 | D:10     | Noticed a two-headed ogre
 10160 | D:10     | Killed a two-headed ogre
 10161 | D:10     | Reached XP level 12. HP: 75/83 MP: 0/0
 10162 | D:10     | Noticed a two-headed ogre
 10167 | D:10     | Killed a two-headed ogre
 10408 | D:10     | Noticed a centaur warrior
 10418 | D:10     | Killed a centaur warrior
 10459 | D:10     | Reached *** piety under Elyvilon
 11229 | D:11     | Found a staircase to the Orcish Mines.
 11479 | Lair:1   | Entered Level 1 of the Lair of Beasts
 11479 | Lair:1   | Noticed Grum
 11483 | Lair:1   | Killed Grum
 11620 | Lair:1   | Noticed a catoblepas
 11629 | Lair:1   | Killed a catoblepas
 11630 | Lair:1   | Reached skill level 10 in Dodging
 11694 | Lair:1   | Reached **** piety under Elyvilon
 11900 | Lair:1   | Noticed Amaemon
 11910 | Lair:1   | Killed Amaemon
 12226 | Lair:1   | Reached XP level 13. HP: 90/92 MP: 0/0
 12226 | Lair:1   | Learned a level 5 spell: Alistair's Intoxication
 12227 | Lair:1   | Upgraded the game from 0.30-a0-358-g0d69a1922f to
                  | 0.32-a0-975-g85d4e5bfdb
 12227 | Lair:1   | Quit the game

Illustrated notes

Levels and vault maps discovered:
D:1:      minmay_arrival_three_doors, layout_basic,
          ebering_ecumenical_altar_rust, serial_park_tiny_1
D:2:      layout_basic, minmay_rat_gold_closets
D:3:      layout_basic, mainiacjoe_overflow_boulevard,
          mainiacjoe_overflow_24_doors, wad_floor_pattern_untrapped,
          minmay_goblin_kobold_house, uniq_robin, uniq_crazy_yiuf_cottage
D:4:      layout_rooms, serial_shops, nicolae_shop_waterfront
D:5:      layout_basic, kb_lookout_dungeons_type
D:6:      layout_basic, kennysheep_mini_moat,
          nicolae_concentric_dashed_squares_mild, uniq_maggie,
          uniq_blork_the_orc
D:7:      layout_basic, mainiacjoe_overflow_alcove_1,
          mainiacjoe_overflow_alcove_2, nemelex_altar_shiori, temple_pool_b,
          enter_bailey_2, minmay_crossroads
D:8:      minmay_weird_star, layout_basic, fiery_altar_vehumet, serial_shops,
          nicolae_shop_window_shopping
D:9:      layout_rooms, erik_lair_orcish_takeover, statue_in_the_mist_lemuel,
          minivault_27, uniq_pikel
D:10:     layout_basic, grunt_temple_overflow_open, uniq_maurice
D:11:     layout_small_grid, hiddenorc1_lemuel
D:12:     layout_loops_ring, dk_vineyard_2
Temple:   hellmonk_temple_two_chambers
Lair:1:   layout_cave_pods, infiniplex_staircase_pool, uniq_grum, uniq_amaemon

Skill      XL: |  1  2  3  4  5  6  7  8  9 10 11 12 |
---------------+-------------------------------------+-----
Spellcasting   | 3 4 5 6 8 10 11 | 12.0
Dodging        | 4 6 10 | 10.0
Fighting       | 6 8 |  8.0
Armour         | 2 |  2.0
Invocations    | 4 6 |  6.0
Shields        | 4 |  4.0
Stealth        | |  1.5
Conjurations   | | 12.0
Hexes          | | 12.0
Summonings     | | 12.0
Necromancy     | | 12.0
Translocations | | 12.0
Fire Magic     | | 12.0
Ice Magic      | | 12.0
Air Magic      | | 12.0
Earth Magic    | | 12.0
Alchemy        | | 12.0

Action                     |  1- 3 |  4- 6 |  7- 9 | 10-12 | 13-15 || total
---------------------------+-------+-------+-------+-------+-------++-------
  Melee: Dagger            |       |       |     4 |       |       ||     4
         Hand axe          |       |       |       |     1 |       ||     1
   Cast: Foxfire           |    44 |    93 |   146 |   301 |     1 ||   585
         Scorch            |     9 |    22 |    35 |    49 |       ||   115
         Passwall          |       |     3 |       |       |       ||     3
         Inner Flame       |       |     3 |    17 |    95 |       ||   115
         Flame Wave        |       |     1 |     2 |     8 |       ||    11
         Summon Blazeheart |       |       |     4 |     1 |       ||     5
         Tukima's Dance    |       |       |     1 |     3 |       ||     4
         Lightning Bolt    |       |       |       |    10 |       ||    10
 Invoke: Purification      |       |       |     1 |     1 |       ||     2
         Heal Other        |       |       |     2 |       |       ||     2
    Use: Scroll            |       |       |     9 |    11 |       ||    20
 Armour: Robe              |       |     2 |     3 |       |       ||     5
         Steam dragon scal |       |       |     4 |     6 |       ||    10
  Dodge: Dodged            |     7 |    12 |    42 |    33 |       ||    94

Table legend: (Time is in decaauts)
 A = Elapsed time spent in this place.
 B = Non-inter-level travel time spent in this place.
 C = Inter-level travel time spent in this place.
 D = Time resting spent in this place.
 E = Time spent auto-exploring this place.
 F = Levels seen in this place.
 G = Mean time per level.
                   A        B        C        D        E       F      G
               +--------+--------+--------+--------+--------+-----+--------+
         Total |  12235 |  11265 |    970 |   1322 |   7883 |  15 |  815.7 |
       Dungeon |  10854 |   9889 |    965 |   1000 |   7099 |  12 |  904.5 |
        Temple |     26 |     21 |      5 |      0 |     19 |   1 |   26.0 |
          Lair |    709 |    709 |      0 |     33 |    571 |   1 |  709.0 |
        Bailey |    644 |    644 |      0 |    289 |    194 |   1 |  644.0 |
               +--------+--------+--------+--------+--------+-----+--------+

Top non-repeatable levels by time:
     D:3: 1682 daAuts
     D:6: 1605 daAuts
     D:8: 1319 daAuts
     D:7: 1055 daAuts
     D:1: 878 daAuts
     D:5: 863 daAuts
     D:9: 815 daAuts
    D:11: 758 daAuts
     D:2: 724 daAuts
  Lair:1: 709 daAuts
  Bailey: 644 daAuts
     D:4: 581 daAuts
    D:10: 524 daAuts
    D:12: 43 daAuts
  Temple: 26 daAuts
